 Dungeon Crawl Stone Soup version 0.29-a0-517-gbdf32494f2 (webtiles) character file.

Game seed: 846934121180705687

152 hquester1 the Skirmisher (level 5, -7/53 HPs)
             Began as a Troll Fighter on May 30, 2022.
             Mangled by a gnoll
             ... wielding a +0 halberd
              (12 damage)
             ... on level 3 of the Dungeon.
             The game lasted 00:06:21 (1389 turns).

hquester1 the Skirmisher (Troll Fighter)            Turns: 1389, Time: 00:06:21

Health: -7/53      AC:  4    Str: 24    XL:     5   Next: 11%
Magic:  4/4        EV:  9    Int: 10    God:
Gold:   55         SH:  0    Dex: 11    Spells: 4/4 levels left

rFire   . . .      SeeInvis .   a - +0 flail
rCold   . . .      Faith    .   c - +0 kite shield
rNeg    . . .      Spirit   .   b - +0 robe
rPois   .          Reflect  .   (helmet restricted)
rElec   .          Harm     .   (no cloak)
rCorr   .          Rampage  .   (gloves unavailable)
Will    .....                   (boots unavailable)
Stlth   +.........              k - amulet "Tein" {RegenMP +Inv}
HPRegen 0.97/turn               e - +6 ring of intelligence
MPRegen 0.49/turn               (no ring)

@: confused
A: large, unfitting armour, claws 3, regeneration 1, shaggy fur 1, tough skin 1
a: Evoke Invisibility


You were on level 3 of the Dungeon.
You visited 1 branch of the dungeon, and saw 4 of its levels.

You collected 55 gold pieces.

Inventory:

Hand Weapons
 a - a +0 flail (weapon)
Missiles
 o - 2 throwing nets (quivered)
Armour
 b - a +0 robe (worn)
 c - a +0 kite shield (worn)
Jewellery
 e - a +6 ring of intelligence (left claw)
 g - an amulet of faith
 k - the amulet "Tein" (around neck) {RegenMP +Inv}
   (You took it off a goblin on level 2 of the Dungeon)

   [amulet of magic regeneration]

   It increases your rate of magic regeneration.
   +Inv:      It lets you turn invisible.
Scrolls
 f - a scroll of enchant weapon {unknown}
 h - 3 scrolls of enchant armour {unknown}
 i - 3 scrolls of identify {unknown}
 l - a scroll of teleportation {unknown}
 m - a scroll of summoning {unknown}
Potions
 d - a potion of might
 j - a potion of attraction {unknown}
 n - a potion of ambrosia {unknown}


   Skills:
 * Level 3.5 Fighting
 + Level 2.6 Maces & Flails
 + Level 3.1 Dodging
 + Level 3.3 Shields


You had 4 spell levels left.
You didn't know any spells.
Your spell library contained the following spells:

 Spells                   Type           Power      Damage    Failure   Level
 Foxfire                  Conj/Fire      0%         2x1d4     65%         1
 Shock                    Conj/Air       0%         1d3       65%         1
 Ensorcelled Hibernation  Hex/Ice        0%         N/A       80%         2
 Passwall                 Tmut/Erth      0%         N/A       80%         2
 Ignite Poison            Fire/Tmut/Pois 0%         N/A       95%         3
 Mephitic Cloud           Conj/Pois/Air  0%         N/A       95%         3
 Swiftness                Air            0%         N/A       95%         3
 Airstrike                Air            0%         N/A       100%        4
 Freezing Cloud           Conj/Ice/Air   0%         6-21      100%        5
 Ignition                 Fire           0%         3d3       100%        8
 Shatter                  Erth           0%         3d5*      100%        9


Dungeon Overview and Level Annotations

Branches:
Dungeon (4/15)
 Temple: D:4-7

Altars:
Ashenzari

Annotations:
D:2 Sigmund


Innate Abilities, Weirdness & Mutations

You are too large for most types of armour.
You have claws for hands.
Your natural rate of healing is unusually fast.
You are covered in fur. (AC +1)
You have tough skin. (AC +1)


Message History

The orc wizard hits you with a +0 dagger.
You hit the orc wizard but do no damage.
The orc wizard is moderately wounded.
The gnoll hits you from afar with a +0 halberd.
The orc wizard gestures wildly while chanting.
The orc wizard flickers and vanishes!
Deactivating autopickup; reactivate with Ctrl-A.
You barely miss something. You block the gnoll's attack. Something hits you.
The gnoll hits you from afar with a +0 halberd!
Something hits you.
You closely miss something. The gnoll misses you. Something hits you.
Something hits you but does no damage. Something hits you but does no damage.
Something hits you but does no damage.
There is a stone staircase leading down here.
You can't go up here!
Something hits you.
You climb downwards.
Reactivating autopickup.
The orc shouts! x4
Found 25 gold pieces.
Found a stone staircase leading up.
There is a stone staircase leading up here.
Something hits you but does no damage.
Deactivating autopickup; reactivate with Ctrl-A.
You climb upwards.
Reactivating autopickup.
There is a stone staircase leading down here.
Deactivating autopickup; reactivate with Ctrl-A.
You closely miss something. Something hits you. x2
You hear some strange, mumbled words.
You are confused.
You bump into the rock wall.
The gnoll hits you with a +0 halberd. The gnoll hits you with a +0 whip.
You barely miss the gnoll. The gnoll hits you with a +0 halberd!
The gnoll hits you with a +0 whip! Something hits you.
The gnoll hits you with a +0 halberd!
* * * LOW HITPOINT WARNING * * *
The gnoll closely misses you. The gnoll hits you with a +0 halberd!
You die...

#.#..#.# ##.#..#.#
####.....#<#
####..........#
###..)............ #
#...##............
..###.###g####............
.......>.g................
..###.###@#.....#..####.#.
# #....#####..# #.#.
.....## #.## #.#. .......#
.. .........# .........#
.......... ..........


You could see 2 gnolls.

Vanquished Creatures
  Robin (D:2)
  2 adders (D:2)
  5 gnolls
  A worm (D:2)
  3 dart slugs
  6 bats
  3 endoplasms
  A giant cockroach (D:1)
  13 goblins
  6 hobgoblins
  3 jackals (D:2)
  3 quokkas
  3 ball pythons (D:1)
  4 frilled lizards (D:2)
  3 kobolds
  5 rats
62 creatures vanquished.

Notes
Turn   | Place    | Note
-------+----------+-------------------------------------------
     0 | D:1      | hquester1 the Troll Fighter began the quest for the Orb.
     0 | D:1      | Reached XP level 1. HP: 22/22 MP: 0/0
    66 | D:1      | Reached XP level 2. HP: 28/29 MP: 1/1
   766 | D:2      | Found a broken altar of Ashenzari.
   796 | D:2      | Reached XP level 3. HP: 32/36 MP: 2/2
   822 | D:2      | Noticed Robin
   830 | D:2      | Killed Robin
   868 | D:2      | Reached XP level 4. HP: 25/45 MP: 3/3
   878 | D:2      | Identified the amulet "Tein" {RegenMP +Inv}
  1031 | D:2      | Noticed Sigmund
  1323 | D:2      | Reached XP level 5. HP: 53/53 MP: 4/4
  1344 | D:3      | Got the Disquisition on the Ashen Blaze
  1389 | D:3      | Mangled by a gnoll

Illustrated notes

Levels and vault maps discovered:
D:1:      dpeg_arrival_pits, layout_loops_ring, minmay_pentomino_v4
D:2:      layout_rooms, basic_altar, uniq_robin, uniq_sigmund
D:3:      layout_rooms, mainiacjoe_overflow_alcove_2, serial_shops,
          nicolae_shop_behind_doors, minmay_distorted
D:4:      black_bear_nest_2, layout_rooms, minmay_temple_entry_junction

Skill      XL: |  1  2  3  4 |
---------------+-------------+-----
Maces & Flails | 2 |  2.6
Shields        | 3 |  3.3
Fighting       | 3 |  3.5
Dodging        | 3 |  3.1

Action                   |  1- 3 |  4- 6 || total
-------------------------+-------+-------++-------
Melee: Flail             |   146 |    98 ||   244
Armor: Robe              |    64 |    49 ||   113
Dodge: Dodged            |    81 |    73 ||   154
Block: Kite shield       |    60 |    72 ||   132

Table legend: (Time is in decaauts)
 A = Elapsed time spent in this place.
 B = Non-inter-level travel time spent in this place.
 C = Inter-level travel time spent in this place.
 D = Time resting spent in this place.
 E = Time spent auto-exploring this place.
 F = Levels seen in this place.
 G = Mean time per level.
                   A        B        C        D        E       F      G
               +--------+--------+--------+--------+--------+-----+--------+
         Total |   1492 |   1471 |     21 |     32 |    753 |   4 |  373.0 |
       Dungeon |   1492 |   1471 |     21 |     32 |    753 |   4 |  373.0 |
               +--------+--------+--------+--------+--------+-----+--------+

Top non-repeatable levels by time:
     D:1: 876 daAuts
     D:2: 546 daAuts
     D:3: 67 daAuts
     D:4: 1 daAuts
